 Dungeon Crawl Stone Soup version 0.14-a0-1330-g3eed206 (webtiles) character file.

554 PolkaDot the Cutter (level 6, -4/46 HPs)
             Began as a Vampire Death Knight on Dec 6, 2013.
             Was a Priest of Yredelemnul.
             Killed by an exploding giant spore (21 damage)
             ... on Level 4 of the Dungeon.
             The game lasted 00:12:43 (4451 turns).

PolkaDot the Cutter (Vampire Death Knight)          Turns: 4451, Time: 00:12:44

HP  -4/46        AC  3     Str 12      XL: 6   Next: 27%
MP   8/8         EV 13     Int 13      God: Yredelemnul [***...]
Gold 221         SH  0     Dex 15      Spells:  0 memorised,  5 levels left

rFire  . . .     SeeInvis +     a - +1,+0 short sword (venom)
rCold  + . .     Clarity  .     b - +0 leather armour
rNeg   + + .     Conserve .     (no shield)
rPois  +         rCorr    .     (no helmet)
rElec  .         rRot     +     (no cloak)
SustAb . .       Spirit   .     (no gloves)
rMut   .         Warding  .     (no boots)
Saprov . . .     Stasis   .     p - amulet of inaccuracy {unknown}
                                (no ring)
                                (no ring)

@: regenerating slowly, slightly resistant to hostile enchantments, unstealthy
A: bottle blood, fangs 3, see invisible, unbreathing
a: Bat Form, Bottle Blood, Animate Dead, Recall Undead Slaves, Injury Mirror,
Renounce Religion


You were on level 4 of the Dungeon.
You worshipped Yredelemnul.
Yredelemnul was most pleased with you.
You were thirsty.

You visited 1 branch of the dungeon, and saw 4 of its levels.

You collected 221 gold pieces.

Inventory:

Hand weapons
 a - a +1,+0 short sword of venom (weapon)
Armour
 b - a +0 leather armour (worn)
 q - a +0 buckler
Scrolls
 d - a scroll of immolation {unknown}
 f - 2 scrolls of enchant armour {unknown}
 g - 2 scrolls of identify {unknown}
 i - 6 scrolls of remove curse {unknown}
 j - a scroll of recharging {unknown}
 n - a scroll of enchant weapon II {unknown}
 o - a scroll of curse jewellery {unknown}
 s - a scroll of fog
 t - 3 scrolls of fear {unknown}
Jewellery
 p - an amulet of inaccuracy (around neck) {unknown}
Potions
 h - a potion of curing
 l - a potion of magic {unknown}
 r - a potion of agility {unknown}
 u - a potion of mutation {unknown}


   Skills:
 + Level 2.9 Fighting
 * Level 4.5 Short Blades
 - Level 0.7 Armour
 * Level 4.4 Dodging
 - Level 2.9 Invocations


You had 5 spell levels left.
You didn't know any spells.

Dungeon Overview and Level Annotations

Branches:
Dungeon (4/16)
 Temple: D:4-7

Altars:
Ashenzari
Cheibriados
Elyvilon
Nemelex Xobeh
Trog
Zin

Annotations:
D:4 Ladykiller69's ghost, average HEGl


Innate Abilities, Weirdness & Mutations

You heal slowly.
You can bottle blood from corpses.
You have razor-sharp teeth.*
You have supernaturally acute eyesight.
You can survive without breathing.*


Message History

Pain shoots through your body!
* * * LOW HITPOINT WARNING * * *
Ladykiller69's ghost whispers, "The ORB doesn't exist."
There is an open door here.
A giant spore comes into view.
Found a scroll labeled WIOPRO KHEI.
Unknown command.
Drink which item? (? for menu, Esc to quit)
You feel better.
The giant spore waves its rhizomes.
The orc barely misses you.
A ballistomycete grows in the wake of the spore.
Drink which item? (? for menu, Esc to quit)
You feel better. The orc misses you.
Drink which item? (? for menu, Esc to quit)
You feel better.
The giant spore explodes!
The explosion of spores engulfs you!
You die...
Yredelemnul claims you as an undead slave.

# ######### ##'####### # ?. #.#
###.### #.. .......# ##.#
........# .# ........# ####'####
........####o.......#
.....f...#..so.......#.
........@#.##........'. #####.#
.........os##........# ......#
........####p.......# #######
.........# ###'######
##...###### #.### ###..######
#...# #.........# ###.#
#.........# #[#
######.........##########ยง#####


You could see a scorpion and an orc.

Vanquished Creatures
  A hound (D:4)
  A scorpion (D:4)
  A giant frog skeleton (D:3)
  An orc priest (D:4)
  2 orc wizards (D:4)
  A worker ant (D:4)
  2 adders
  12 orcs
  9 bats
  A bat skeleton (D:4)
  3 giant cockroaches
  14 goblins
  9 hobgoblins
  2 quokkas (D:2)
  7 giant newts
  6 kobolds
  6 rats
78 creatures vanquished.

Vanquished Creatures (collateral kills)
  An orc wizard (D:4)
  2 adders
  3 orcs (D:4)
  A giant cockroach (D:3)
  2 goblins
  2 kobolds (D:3)
  A bat (D:1)
  A quokka (D:3)
  A rat (D:1)
14 creatures vanquished.

Vanquished Creatures (others)
  A worker ant zombie (D:4)
  An adder zombie (D:3)
  4 orc zombies (D:4)
  An adder skeleton (D:4)
  A bat zombie (D:4)
  A goblin zombie (D:3)
  A hobgoblin zombie (D:3)
  An orc skeleton (D:4)
11 creatures vanquished.

Grand Total: 103 creatures vanquished

Notes
Turn   | Place    | Note
--------------------------------------------------------------
     0 | D:1      | PolkaDot, the Vampire Death Knight, began the quest for the Orb.
     0 | D:1      | Reached XP level 1. HP: 16/16 MP: 1/1
   121 | D:1      | Reached XP level 2. HP: 22/22 MP: 2/2
   776 | D:2      | Reached XP level 3. HP: 25/27 MP: 4/4
   779 | D:2      | Acquired Yredelemnul's second power
  1085 | D:2      | Found a white marble altar of Elyvilon.
  1615 | D:3      | Reached skill level 3 in Short Blades
  1757 | D:3      | Reached XP level 4. HP: 9/33 MP: 5/5
  3065 | D:4      | Reached XP level 5. HP: 11/39 MP: 7/7
  3066 | D:4      | Found a sparkling altar of Nemelex Xobeh.
  3066 | D:4      | Found a snail-covered altar of Cheibriados.
  3512 | D:4      | Found a shattered altar of Ashenzari.
  3512 | D:4      | Found a glowing silver altar of Zin.
  3515 | D:4      | Found a bloodstained altar of Trog.
  3574 | D:4      | Reached skill level 4 in Short Blades
  3665 | D:4      | Acquired Yredelemnul's third power
  3800 | D:4      | Reached XP level 6. HP: 19/46 MP: 8/8
  4100 | D:4      | dondy: hmm, found faith on a DK? :o
  4102 | D:4      | PolkaDot: I did
  4102 | D:4      | PolkaDot: then died
  4107 | D:4      | dondy: ohhh
  4116 | D:4      | dondy: the death wasn't announced :p
  4116 | D:4      | PolkaDot: Yep
  4116 | D:4      | PolkaDot: low level ^^;;
  4431 | D:4      | Noticed Ladykiller69's ghost (average HEGl)
  4431 | D:4      | dondy: wellp, a major chance you missed there and uhhm, run?
  4431 | D:4      | PolkaDot: yes
  4431 | D:4      | PolkaDot: and yes
  4449 | D:4      | dondy: hmm, bad idea
  4449 | D:4      | PolkaDot: was hoping to tele
  4449 | D:4      | PolkaDot: >.>
  4449 | D:4      | PolkaDot: Figured and throw flame would've done me in
  4449 | D:4      | dondy: you're pretty dead now :o
  4449 | D:4      | PolkaDot: any*
  4449 | D:4      | PolkaDot: quite
  4451 | D:4      | Killed by an exploding giant spore

Action                   |  1- 3 |  4- 6 || total
-------------------------+-------+-------++-------
Melee: Short sword       |   158 |   153 ||   311
Invok: Animate Remains   |    19 |     7 ||    26
       Animate Dead      |       |     3 ||     3
       Recall Undead Sla |       |     1 ||     1
  Use: Potion            |     1 |     6 ||     7
       Scroll            |       |     2 ||     2
 Stab: Distracted        |     1 |       ||     1
       Invisible         |       |     6 ||     6
